 Dungeon Crawl Stone Soup version 0.31.0-11-ge490571c62 (webtiles) character file.

Game seed: 3689588535274909323

26 qw the Shooter (level 2, 0/16 HPs)
             Began as a Deep Elf Hunter on Feb 4, 2024.
             Succumbed to their own poison gas
             ... on level 1 of the Dungeon.
             The game lasted 00:00:02 (676 turns).

qw the Shooter (Deep Elf Hunter)                     Turns: 676, Time: 00:00:02

Health: 0/16       AC:  5    Str:  8    XL:     2   Next: 89%
Magic:  4/4        EV: 10    Int: 13    God:
Gold:   28         SH:  0    Dex: 18    Spells: 1/1 levels left

rFire   . . .        a - +1 shortbow
rCold   . . .        (shield currently unavailable)
rNeg    . . .        j - +0 ring mail
rPois   .            (no helmet)
rElec   .            (no cloak)
rCorr   .            (no gloves)
SInv    .            (no boots)
Will    .....        (no amulet)
Stlth   +            (no ring)
HPRegen 0.22/turn    (no ring)
MPRegen 0.09/turn

%: no passive effects
@: lethally poisoned (0 -> -4), very slow
A: no striking features
a: no special abilities


You were on level 1 of the Dungeon.
You visited 1 branch of the dungeon, and saw 1 of its levels.

You collected 28 gold pieces.


   Skills:
 - Level 1.5 Fighting
 + Level 6.6 Ranged Weapons
 - Level 2.4 Dodging
 - Level 1.2 Stealth


You had one spell level left.
You didn't know any spells.
Your spell library was empty.

Inventory:

Hand Weapons
 a - a +1 shortbow (weapon)
Armour
 j - a +0 ring mail (worn)
Potions
 f - a potion of curing {unknown}
 g - a potion of magic {unknown}
 h - a potion of haste {unknown}
 k - a potion of lignification {unknown}

Dungeon Overview and Level Annotations

Branches:
Dungeon (1/15)

Altars:


Message History

668 ||| IDENTIFYING brown potion;
d - a potion of ambrosia Done exploring.
669 ||| READING scroll labelled WUIMIN GUMP.
As you read the scroll labelled WUIMIN GUMP, it crumbles to dust.
It is a scroll of enchant weapon.
669 ||| ENCHANTING +0 shortbow.
Your +0 shortbow glows red for a moment.
Done exploring.
670 ||| DROPPING scroll of butterflies.
You drop a scroll of butterflies.
You hear a splash.
Done exploring.
671 ||| DROPPING potion of ambrosia.
You drop a potion of ambrosia.
You hear a splash.
Done exploring.
What level of the Dungeon? (default 1, ? - help) Sorry, I don't know how to get there.
Enter note:
Enter note:
Enter note:
Enter note:
Enter note:
Enter note:
Enter note:
Enter note:
Enter note:
Enter note:
Enter note:
Enter note: You are engulfed in poison gas.
You are lethally poisoned!
You feel very sick.
673 ||| Stepping ~*~*~tactically~*~*~ (cloud).
You feel very sick.
Things that are here:
a potion of ambrosia; a scroll of butterflies; a +0 leather armour
There is a lethal amount of poison in your body!
You feel sick.
There is a lethal amount of poison in your body!
You feel sick.
There is a lethal amount of poison in your body!
You die...

....#.#..# #.#
...##.#..# #.#
...##....# #.#
....#.##.# #.#
.#....##.## #0#
....#.....# ######0##
...~~#~~#####0~#~0¤0##
.#.~~~#~~#.#~~#¤0¤¤0¤###
#~~.~~~#~#.#~#00@00¤0¤¤#
#~~~.~~#~~.~~#0¤.¤00##0#
##~~~.~~#~.~#¤¤0000##..#
#~#~~~.~#~.~#0000~#¤#.##
#~~##~~.~~.¤~0¤¤##0¤#.#
.#~~~##~.#0#00##~~¤##.#
.###~~~~#.#0#¤~~~###..#
.#.......#<#)......#.##
####~~~~#.#.#~~~~###.#


There were no monsters in sight!

Vanquished Creatures
  A gnoll (D:1)
  An endoplasm (D:1)
  A goblin (D:1)
  3 hobgoblins (D:1)
  A ball python (D:1)
  2 bats (D:1)
  5 kobolds (D:1)
  3 rats (D:1)
17 creatures vanquished.

Notes
Turn   | Place    | Note
-------+----------+-------------------------------------------
     0 | D:1      | qw the Deep Elf Hunter began the quest for the Orb.
     0 | D:1      | Reached XP level 1. HP: 12/12 MP: 3/3
     0 | D:1      | 0 ||| qw: Version: 0.3-a-160-g6735b56
     0 | D:1      | 0 ||| qw: Game counter: 4479
     0 | D:1      | 0 ||| qw: Melee chars always use a shield: true
     0 | D:1      | 0 ||| qw: God list: Okawaru
     0 | D:1      | 0 ||| qw: Allow faded altars: false
     0 | D:1      | 0 ||| qw: Do Orc after clearing Dungeon:15 true
     0 | D:1      | 0 ||| qw: Do second Lair branch before Depths: true
     0 | D:1      | 0 ||| qw: Lair rune preference: random
     0 | D:1      | 0 ||| qw: Goals: Normal
     0 | D:1      | 0 ||| PLANNING D:1-11
   319 | D:1      | Reached XP level 2. HP: 16/16 MP: 4/4
   324 | D:1      | Reached skill level 6 in Ranged Weapons
   353 | D:1      | HP: 1/16 [gnoll/+0 spear (5)]
   655 | D:1      | 655 ||| UPGRADING to +0 ring mail.
   665 | D:1      | 665 ||| DROPPING +0 leather armour.
   666 | D:1      | 666 ||| READING scroll labelled KET ULAFAMOOSSU.
   667 | D:1      | 667 ||| READING scroll labelled LEAPTU CUODD.
   668 | D:1      | 668 ||| READING scroll labelled IVAAQUUROI.
   668 | D:1      | 668 ||| IDENTIFYING brown potion
   669 | D:1      | 669 ||| READING scroll labelled WUIMIN GUMP.
   669 | D:1      | 669 ||| ENCHANTING +0 shortbow.
   670 | D:1      | 670 ||| DROPPING scroll of butterflies.
   671 | D:1      | 671 ||| DROPPING potion of ambrosia.
   673 | D:1      | 673 ||| Stepping ~*~*~tactically~*~*~ (cloud).
   673 | D:1      | HP: 3/16 [poisoned by you (poison gas)]
   675 | D:1      | HP: 1/16 [poisoned by you (poison gas)]
   676 | D:1      | Succumbed to their own poison gas

Levels and vault maps discovered:
D:1:      spicycebolla_arrival_xxxplode, layout_basic, minmay_indecisive_spiral

Skill      XL: |  1  2 |
---------------+-------+-----
Ranged Weapons | 6 |  6.6
Fighting       | |  1.5
Dodging        | |  2.4
Stealth        | |  1.2

Action                     || total
---------------------------++-------
   Fire: Shortbow          ||    49
    Use: Scroll            ||     4
 Armour: Leather armour    ||    10
  Dodge: Dodged            ||    10

Table legend:
 A = Non-vault XP
 B = Vault XP
 C = Vault XP percentage of total XP
 D = Non-vault monster count
 E = Vault monster count
 F = Vault count percentage of total count
                 A         B        C        D         E       F
            +---------+---------+-------+---------+---------+-------
      Total |      19 |      19 |  50.0 |      13 |       4 |  23.5
            +---------+---------+-------+---------+---------+-------
        D:1 |      19 |      19 |  50.0 |      13 |       4 |  23.5
            +---------+---------+-------+---------+---------+-------
